[Event "*** Titled Tuesday Blitz"]
[Site "Chess.com"]
[Date "2020.04.14"]
[Round "7"]
[White "GrafLermontov"]
[Black "Lysiak_Poltorak"]
[Result "0-1"]
[WhiteElo "2379"]
[BlackElo "2256"]
[TimeControl "180+1"]
[EndTime "11:12:51 PDT"]
[Termination "Lysiak_Poltorak won by resignation"]

1. d4 Nf6 2. c4 e6 3. Nc3 Bb4 4. e3 Bxc3+ 5. bxc3 c5 6. Nf3 b6 7. Bd3 Bb7 8. Ba3 d6 9. O-O O-O 10. Qe2 Qe7 11. e4 e5 12. Rfe1 Nbd7 13. Rad1 Rac8 14.
d5 g6 15. Bc1 Nh5 16. g3 Ng7 17. Bh6 f5 18. Bxg7 Qxg7 19. Ng5 Qf6 20. Ne6 Rf7 21.
Rf1 f4 22. Qg4 h6 23. f3 Nf8 24. Kh1 fxg3 25. hxg3 Nxe6 26. dxe6 Re7 27. Kg2 Rf8 28. Rh1 Kg7 29. Rh2 Bc8 30. Rdh1 Bxe6 31. Qh4 Qxf3+ 0-1

[Event "*** Titled Tuesday Blitz"]
[Site "Chess.com"]
[Date "2020.04.14"]
[Round "7"]
[White "chiwii"]
[Black "Oleg_Papayan"]
[Result "1-0"]
[WhiteElo "2242"]
[BlackElo "2353"]
[TimeControl "180+1"]
[EndTime "11:12:51 PDT"]
[Termination "chiwii won by checkmate"]

1. e4 e5 2. Nf3 Nc6 3. Nc3 Nf6 4. Be2 Bc5 5. Nxe5 Bxf2+ 6. Kxf2 Nxe5 7. d4 Ng6 8. Bf3 O-O 9. Rf1 d6 10. Bg5 h6 11. Bxf6 Qxf6 12. Kg1 c6 13. Qd3 Bd7 14.
Rae1 Rad8 15. Qc4 Qe7 16. Kh1 Be6 17. Qa4 b5 18. Qa6 Bc4 19. Rg1 Nh4 20. b3 Nxf3 21. gxf3 Qf6 22. Rg3 b4 23. Qxc4 bxc3 24. Qxc3 c5 25. e5 dxe5 26. dxe5 Qc6 27. Reg1 g6 28. Qe3 Kh7 29. Rh3 h5 30. Qg5 Rd4 31. Rxh5+ Kg7 32. Qh6+ Kg8 33. Qh8# 1-0

[Event "*** Titled Tuesday Blitz"]
[Site "Chess.com"]
[Date "2020.04.14"]
[Round "7"]
[White "DaggiGretarsson"]
[Black "MasterKroket"]
[Result "1-0"]
[WhiteElo "2635"]
[BlackElo "2440"]
[TimeControl "180+1"]
[EndTime "11:12:52 PDT"]
[Termination "DaggiGretarsson won by resignation"]

1. d4 Nf6 2. c4 e6 3. Nc3 Bb4 4.
Bd2 O-O 5. e3 c5 6. Nf3 b6 7. Bd3 Bb7 8. O-O cxd4 9. Nxd4 Nc6 10. Nc2 Be7 11. Re1 Rc8 12. b3 d5 13. cxd5 Ne5 14. Bf1 Nxd5 15. Nxd5 Qxd5 16. Nd4 Bf6 17.
Bb4 Rfd8 18. Ba3 Ng6 19. Bb2 Nh4 20. Qg4 h5 21. Qh3 e5 22. Nf5 Nxf5 23. Qxf5 Rc2 24.
Qxc2 1-0

[Event "*** Titled Tuesday Blitz"]
[Site "Chess.com"]
[Date "2020.04.14"]
[Round "7"]
[White "goldenspine"]
[Black "AttilaTurzo"]
[Result "0-1"]
[WhiteElo "2314"]
[BlackElo "2487"]
[TimeControl "180+1"]
[EndTime "11:12:52 PDT"]
[Termination "AttilaTurzo won on time"]

1. d4 Nf6 2. c4 e6 3. a3 d5 4.
Nc3 c5 5. cxd5 cxd4 6. Qxd4 Nc6 7. Qa4 exd5 8. Bg5 Be7 9. e3 d4 10. Rd1 Qb6 11. Bxf6 Bxf6 12. Nd5 Qd8 13. Nxf6+ Qxf6 14. exd4 O-O 15. Bd3 Bg4 16. f3 Bf5 17. Ne2 Rfe8 18. Qb5 Nxd4 0-1

[Event "*** Titled Tuesday Blitz"]
[Site "Chess.com"]
[Date "2020.04.14"]
[Round "7"]
[White "Yeytruyol"]
[Black "frankshar"]
[Result "1-0"]
[WhiteElo "2408"]
[BlackElo "2242"]
[TimeControl "180+1"]
[EndTime "11:12:52 PDT"]
[Termination "Yeytruyol won by resignation"]

1. e4 c6 2. d4 d5 3. exd5 cxd5 4. c4 Nf6 5. Nc3 Nc6 6. Nf3 Bg4 7. cxd5 Nxd5 8. Qb3 Bxf3 9. gxf3 Nb6 10. Be3 e6 11. d5 exd5 12. O-O-O Be7 13. Nxd5 Nxd5 14. Rxd5 Qc7 15.
Kb1 O-O 16. Bd3 Rad8 17. Rd1 Rxd5 18. Qxd5 Nb4 19. Qc4 Qxh2 20. Be4 Qe5 21. Rd7 b5 22. Qd4 Qe6 23. Qxa7 Rd8 24. Rxe7 Rd1+ 25. Bc1 Rxc1+ 26. Kxc1 Qc4+ 27. Kd2 1-0

[Event "*** Titled Tuesday Blitz"]
[Site "Chess.com"]
[Date "2020.04.14"]
[Round "7"]
[White "zacachess"]
[Black "starworld123"]
[Result "0-1"]
[WhiteElo "2281"]
[BlackElo "2581"]
[TimeControl "180+1"]
[EndTime "11:12:54 PDT"]
[Termination "starworld123 won on time"]

1. d4 Nf6 2. Bf4 e6 3. Nc3 d5 4. e3 Bd6 5. Bg3 O-O 6. Nf3 c5 7. Ne5 Nc6 8. f4 Ne7 9. Bd3 b6 10. O-O Bb7 11. Nb5 Bb8 12. c3 a6 13. Na3 Nf5 14.
Bf2 Nd6 15. Nc2 Nfe4 16. Be1 f6 17. Nf3 b5 18. Nd2 Nxd2 19. Bxd2 Ba7 20. Rf3 Ne4 21.
Rh3 Qe8 22. Ne1 cxd4 23. exd4 e5 24. Nf3 exd4 25. cxd4 Qf7 26. Bc3 Rac8 27. Rc1 Rfe8 28. Bb1 Qc7 29. Nd2 Bxd4+ 30. Kf1 Bxc3 31. Nxe4 dxe4 0-1

[Event "*** Titled Tuesday Blitz"]
[Site "Chess.com"]
[Date "2020.04.14"]
[Round "7"]
[White "gmkomarov"]
[Black "velemajstor767276"]
[Result "1/2-1/2"]
[WhiteElo "2411"]
[BlackElo "2570"]
[TimeControl "180+1"]
[EndTime "11:12:55 PDT"]
[Termination "Game drawn by agreement"]

1. d4 c5 2. d5 d6 3. Nc3 g6 4. e4 Bg7 5. Bb5+ Nd7 6. a4 Nf6 7.
Nf3 O-O 8. O-O Ng4 9. h3 Nge5 10. Nd2 g5 11. Nc4 h6 12. Ne3 Ng6 13. Nf5 Nde5 14. Nxg7 Kxg7 15. Re1 e6 16. b3 Qf6 17. Bb2 Nf4 18.
Re3 Neg6 19. Bf1 e5 20. Qe1 Bd7 21. Kh2 g4 22. g3 Nxh3 23. Bxh3 gxh3 24. Ne2 Kh7 25.
f4 Bg4 26. Qf2 1/2-1/2

[Event "*** Titled Tuesday Blitz"]
[Site "Chess.com"]
[Date "2020.04.14"]
[Round "7"]
[White "Pavlov_Sergey"]
[Black "LittlePeasant"]
[Result "0-1"]
[WhiteElo "2618"]
[BlackElo "2830"]
[TimeControl "180+1"]
[EndTime "11:12:56 PDT"]
[Termination "LittlePeasant won on time"]

1. c4 Nf6 2. Nf3 c6 3. d4 d5 4.
Nc3 a6 5. e3 Bf5 6. Be2 h6 7.
Bd3 Bxd3 8. Qxd3 e6 9. O-O Bb4 10. b3 Nbd7 11. Bb2 O-O 12. a3 Ba5 13. b4 Bc7 14.
Rac1 Re8 15. a4 dxc4 16. Qxc4 e5 17. dxe5 Nxe5 18. Nxe5 Bxe5 19. b5 cxb5 20. axb5 Rc8 21. Qa4 a5 22. Rfd1 Qb6 23. g3 Qe6 24. Kg2 b6 25. Rd2 Bxc3 26. Rxc3 Rxc3 27. Bxc3 Ne4 28. Rc2 Qd5 29. Kg1 Qd1+ 30. Kg2 Nxc3 0-1

[Event "*** Titled Tuesday Blitz"]
[Site "Chess.com"]
[Date "2020.04.14"]
[Round "7"]
[White "vladislavkovalev"]
[Black "platy3"]
[Result "0-1"]
[WhiteElo "2875"]
[BlackElo "2755"]
[TimeControl "180+1"]
[EndTime "11:12:57 PDT"]
[Termination "platy3 won by resignation"]

1. e4 e5 2. Nf3 Nc6 3. Bc4 Bc5 4.
c3 Nf6 5. d4 exd4 6. e5 d5 7.
Bb5 Ne4 8. cxd4 Bb6 9. Nc3 O-O 10. Be3 Nxc3 11. bxc3 Ne7 12. Bd3 Bf5 13. Qc2 Qd7 14. h3 Bxd3 15. Qxd3 Qf5 16. Qxf5 Nxf5 17. a4 Nxe3 18.
fxe3 Ba5 19. Kd2 c5 20. Rhb1 Rfc8 21. Ra3 b6 22. Kd3 cxd4 23. exd4 a6 24. Ng1 Rc4 25. Ne2 Rac8 26. Rbb3 g5 27. Ng3 f6 28. exf6 Kf7 29.
Nf5 Kxf6 30. Ne3 Ke6 31. g4 R4c7 32. Nf5 h5 33. Ng7+ Rxg7 0-1

[Event "*** Titled Tuesday Blitz"]
[Site "Chess.com"]
[Date "2020.04.14"]
[Round "7"]
[White "MokshAD1603"]
[Black "PawnEatingZombie"]
[Result "1-0"]
[WhiteElo "2338"]
[BlackElo "2136"]
[TimeControl "180+1"]
[EndTime "11:12:57 PDT"]
[Termination "MokshAD1603 won by checkmate"]

1. d4 d5 2. c4 e6 3. Nf3 dxc4 4. e4 b5 5. a4 c6 6. Nc3 Bb4 7. Be2 Bb7 8. O-O a6 9. Bg5 Nf6 10. e5 h6 11. Bh4 g5 12. Nxg5 hxg5 13. Bxg5 Nbd7 14.
Ne4 Be7 15. exf6 Nxf6 16. Nxf6+ Bxf6 17. Bxf6 Qxf6 18. Bf3 O-O-O 19. axb5 cxb5 20. Bxb7+ Kxb7 21. Qe2 Rxd4 22. h3 Rhd8 23. Rfd1 Qf4 24. Rxd4 Qxd4 25.
Qf3+ Kb6 26. Qxf7 Rd6 27. Qf8 Rc6 28. Re1 Qxb2 29. Qd8+ Kc5 30. Qe7+ Kb6 31. Rd1 c3 32. Qd8+ Kc5 33. Qd4# 1-0

[Event "*** Titled Tuesday Blitz"]
[Site "Chess.com"]
[Date "2020.04.14"]
[Round "7"]
[White "731291"]
[Black "Sviridov_Valery"]
[Result "0-1"]
[WhiteElo "2619"]
[BlackElo "2834"]
[TimeControl "180+1"]
[EndTime "11:12:58 PDT"]
[Termination "Sviridov_Valery won by resignation"]

1. d4 g6 2. e4 Bg7 3. Nf3 d6 4. Bc4 a6 5. Qe2 e6 6. O-O b6 7. c3 Bb7 8. Re1 Nd7 9. Nbd2 Ne7 10. Nf1 O-O 11. Bd3 c5 12. Ng3 b5 13. h4 cxd4 14. cxd4 Nc6 15. Be3 Nf6 16. h5 Rc8 17. a3 Ng4 18. Rac1 Nxe3 19. Qxe3 Qb6 20. hxg6 hxg6 21.
e5 dxe5 22. Ne4 Nxd4 23. Nfg5 Rxc1 24. Rxc1 f6 25. Qh3 fxg5 26. Nxg5 Rf6 27. Kh2 e4 28.
Bxe4 Qd6+ 29. Kh1 Qf4 30. Rc5 Nf5 31. Bxb7 Qxg5 32. g4 Ng3+ 33. Qxg3 Qxc5 0-1

[Event "*** Titled Tuesday Blitz"]
[Site "Chess.com"]
[Date "2020.04.14"]
[Round "7"]
[White "gliglu"]
[Black "Alex_Molchanov"]
[Result "1/2-1/2"]
[WhiteElo "2386"]
[BlackElo "2542"]
[TimeControl "180+1"]
[EndTime "11:13:00 PDT"]
[Termination "Game drawn by agreement"]

1. g3 d5 2. Bg2 Nf6 3. Nf3 e6 4. d4 b5 5. O-O Bb7 6. Nbd2 c5 7. c3 Nbd7 8. a4 b4 9. a5 a6 10. Ne5 Bd6 11. Ndf3 O-O 12. Bf4 Ne4 13. cxb4 cxb4 14. Qa4 Nxe5 15. Bxe5 Rc8 16. Rfc1 Qe7 17. Bxd6 Qxd6 18.
Ne5 Nd2 19. Nd3 Bc6 20. Qxb4 Qxb4 21. Nxb4 Bb5 22. Rxc8 Rxc8 23. e3 Nb3 24. Rd1 Nxa5 25.
Bf1 Rb8 26. Ra1 Bxf1 27. Kxf1 Rxb4 28. Rxa5 Rxb2 29. Rxa6 g6 30. Kg2 1/2-1/2

[Event "*** Titled Tuesday Blitz"]
[Site "Chess.com"]
[Date "2020.04.14"]
[Round "7"]
[White "tvjosue"]
[Black "Buffy7"]
[Result "1-0"]
[WhiteElo "2510"]
[BlackElo "2632"]
[TimeControl "180+1"]
[EndTime "11:13:01 PDT"]
[Termination "tvjosue won by resignation"]

1. c4 Nf6 2. Nf3 g6 3. b3 Bg7 4. Bb2 O-O 5. g3 b6 6. Bg2 Bb7 7. O-O c5 8. Nc3 d6 9. d4 Ne4 10.
Qd3 Nxc3 11. Bxc3 Nd7 12. d5 Bxc3 13. Qxc3 b5 14. e4 Ba6 15. cxb5 Bxb5 16. Rfe1 Rc8 17.
h4 a5 18. h5 Nf6 19. hxg6 hxg6 20. Rad1 c4 21. e5 cxb3 22. Qb2 dxe5 23. Nxe5 Qb6 24.
Qxb3 Qa6 25. Nc6 Bxc6 26. dxc6 Rfe8 27. Qb7 Qxb7 28. cxb7 Rb8 29. Re5 e6 30. Bc6 Re7 31. Rxa5 Kg7 32. Rb1 Rc7 33. Ra8 1-0

[Event "*** Titled Tuesday Blitz"]
[Site "Chess.com"]
[Date "2020.04.14"]
[Round "7"]
[White "Eltarolo"]
[Black "Luibov_AN"]
[Result "1-0"]
[WhiteElo "2344"]
[BlackElo "2177"]
[TimeControl "180+1"]
[EndTime "11:13:02 PDT"]
[Termination "Eltarolo won by resignation"]

1. e4 g6 2. d4 Bg7 3. Nc3 c5 4. Be3 Nc6 5. Nf3 Qb6 6. Nd5 Qa5+ 7.
Bd2 Qd8 8. c3 cxd4 9. cxd4 Nxd4 10. Nxd4 Bxd4 11. Rc1 Be5 12. Bc3 Bxc3+ 13. Rxc3 Kf8 14.
Qd4 f6 15. Nc7 d6 16. Nxa8 Be6 17. Nc7 Bxa2 18. b3 Qd7 19. Bb5 Qg4 20. O-O a6 21. Bc4 b5 22. Bd5 Nh6 23. Ne6+ Kf7 24. f3 Qh4 25. g3 1-0

[Event "*** Titled Tuesday Blitz"]
[Site "Chess.com"]
[Date "2020.04.14"]
[Round "7"]
[White "AlexTriapishko"]
[Black "konradrutkowski"]
[Result "1-0"]
[WhiteElo "2787"]
[BlackElo "2189"]
[TimeControl "180+1"]
[EndTime "11:13:03 PDT"]
[Termination "AlexTriapishko won by resignation"]

1. f4 c5 2. Nf3 Nf6 3. b3 g6 4. Bb2 Bg7 5. g3 O-O 6. Bg2 Nc6 7. O-O d6 8. c4 a6 9. Nc3 Rb8 10. a4 Bf5 11. d3 Nd4 12. e3 Nxf3+ 13. Bxf3 Qd7 14. Qe2 Bh3 15. Rfe1 Bg4 16. Rad1 Bxf3 17.
Qxf3 Qh3 18. Qg2 Qxg2+ 19. Kxg2 Rfd8 20. Kf3 d5 21. g4 e6 22. g5 Ne8 23. e4 dxe4+ 24.
dxe4 Bd4 25. Rd2 Kf8 26. Red1 Ke7 27. Ba3 b6 28. Rxd4 1-0

[Event "*** Titled Tuesday Blitz"]
[Site "Chess.com"]
[Date "2020.04.14"]
[Round "7"]
[White "BogdanDeac"]
[Black "Nitzan_Steinberg"]
[Result "0-1"]
[WhiteElo "2743"]
[BlackElo "2907"]
[TimeControl "180+1"]
[EndTime "11:13:05 PDT"]
[Termination "Nitzan_Steinberg won on time"]

1. Nf3 d5 2. d4 Nf6 3. c4 c6 4. Nc3 e6 5. Bg5 Nbd7 6. cxd5 exd5 7. e3 Qa5 8. Bd3 Ne4 9. Qc2 Nxg5 10. Nxg5 g6 11.
f4 Be7 12. Nf3 Nf6 13. O-O O-O 14. Rae1 c5 15. dxc5 Bxc5 16. a3 Qd8 17. f5 Kg7 18.
Nb5 Qe7 19. Nbd4 Bd7 20. Ne5 Rac8 21. Nxd7 Nxd7 22. Qf2 Nf6 23. Qh4 Qe5 24. h3 Rce8 25.
Qf4 Qxf4 26. Rxf4 g5 27. Rff1 Rxe3 0-1

[Event "*** Titled Tuesday Blitz"]
[Site "Chess.com"]
[Date "2020.04.14"]
[Round "7"]
[White "Kotofeyca"]
[Black "mapebo94"]
[Result "1-0"]
[WhiteElo "2388"]
[BlackElo "1965"]
[TimeControl "180+1"]
[EndTime "11:13:06 PDT"]
[Termination "Kotofeyca won by resignation"]

1. d4 e6 2. c4 d5 3. Nc3 Nf6 4. cxd5 exd5 5. Bg5 Be7 6. e3 O-O 7. Qc2 c6 8. Bd3 Nbd7 9. Nf3 Re8 10. O-O Nf8 11. Rab1 h6 12. Bh4 Ne4 13. Bxe4 Bxh4 14.
Bf5 Bf6 15. b4 Be6 16. b5 Qd7 17. Bxe6 Qxe6 18. bxc6 bxc6 19. Na4 Nd7 20. Rfc1 Rac8 21. Rb7 a5 22. Ra7 c5 23. Rxd7 Qxd7 24. Nb6 Qe6 25.
Nxc8 Rxc8 26. dxc5 g5 27. c6 g4 28. Nd4 Bxd4 29.
exd4 Qf6 30. Qc5 Qe6 31. c7 Kg7 32. Qxa5 h5 33. a4 h4 34. Qc3 Kg6 35. Qd3+ Kf6 36. Qe3 Qf5 37. a5 g3 38. hxg3 hxg3 39. Qxg3 Qd7 40. Qe5+ Kg6 41. Rc3 1-0

[Event "*** Titled Tuesday Blitz"]
[Site "Chess.com"]
[Date "2020.04.14"]
[Round "7"]
[White "Ar4uha"]
[Black "FCChelsea14"]
[Result "1-0"]
[WhiteElo "2669"]
[BlackElo "2799"]
[TimeControl "180+1"]
[EndTime "11:13:07 PDT"]
[Termination "Ar4uha won by checkmate"]

1. e4 c6 2. d4 d5 3. exd5 cxd5 4. Bd3 Nc6 5. c3 Nf6 6. h3 g6 7. Qc2 Bg7 8. Bf4 O-O 9. Nf3 Re8 10. O-O Nh5 11.
Be3 e5 12. dxe5 Nxe5 13. Nxe5 Bxe5 14. Nd2 Nf4 15. Nf3 Nxd3 16. Qxd3 Bf5 17. Qd2 Bg7 18.
Bd4 Bf8 19. Qf4 Be4 20. Rfe1 Bd6 21. Qh6 Bf8 22. Qf4 Qd6 23. Qxd6 Bxd6 24. Nd2 Bf5 25.
Rxe8+ Rxe8 26. Bxa7 Re2 27. Be3 d4 28. cxd4 Bb4 29.
Nc4 b5 30. Ne5 Rxb2 31. a4 f6 32. Nc6 bxa4 33. Rxa4 Rb1+ 34. Kh2 Bd6+ 35. f4 Be4 36.
Ra8+ Kg7 37. Ra7+ Kh6 38. Ne5 Rb2 39. Ng4+ Kh5 40. Rxh7# 1-0

[Event "*** Titled Tuesday Blitz"]
[Site "Chess.com"]
[Date "2020.04.14"]
[Round "7"]
[White "MishkaFighter"]
[Black "dusanacns"]
[Result "1-0"]
[WhiteElo "2613"]
[BlackElo "2771"]
[TimeControl "180+1"]
[EndTime "11:13:07 PDT"]
[Termination "MishkaFighter won by resignation"]

1. d4 g6 2. Nf3 Bg7 3. g3 Nf6 4.
Bg2 O-O 5. c4 d6 6. O-O Nc6 7.
Nc3 Bg4 8. d5 Na5 9. Nd2 c5 10.
Qc2 a6 11. h3 Bd7 12. b3 Rb8 13. Bb2 b5 14. Rab1 Qc7 15. e4 e5 16. dxe6 fxe6 17.
Rbd1 Nc6 18. Nf3 e5 19. Nd5 Nxd5 20. cxd5 Na7 21. b4 Rfc8 22. Rc1 Bh6 23. bxc5 Bxc1 24. Rxc1 Qxc5 25. Qxc5 Rxc5 26. Rxc5 dxc5 27. Nxe5 Rd8 28. h4 b4 29. Nxd7 Rxd7 30. Bh3 Rd8 31. Bf6 Rb8 32. d6 Kf7 33. e5 Nc6 34. Bg2 Nd4 35. Bd5+ Ne6 36. d7 a5 37. d8=Q Rxd8 38. Bxd8 a4 39. Bb6 Ke7 40. Bxe6 Kxe6 41. Bxc5 b3 42. axb3 axb3 43.
Bd4 Kd5 44. Bb2 1-0

[Event "*** Titled Tuesday Blitz"]
[Site "Chess.com"]
[Date "2020.04.14"]
[Round "7"]
[White "m-garcett"]
[Black "viktorko131"]
[Result "0-1"]
[WhiteElo "1986"]
[BlackElo "2126"]
[TimeControl "180+1"]
[EndTime "11:13:07 PDT"]
[Termination "viktorko131 won by checkmate"]

1. e4 c5 2. Nf3 Nc6 3. d4 cxd4 4. Nxd4 Nf6 5. Nc3 e5 6. Ndb5 d6 7. Bg5 a6 8. Na3 b5 9. Nd5 Be7 10. Bxf6 Bxf6 11. c3 O-O 12. Nc2 Bg5 13. h4 Bh6 14. g4 Bf4 15. Qf3 Re8 16. Nxf4 exf4 17. Qxf4 Ne5 18.
f3 Be6 19. Nd4 Bc4 20. Bxc4 bxc4 21. O-O Qxh4 22. Nf5 Qf6 23. g5 Qg6 24. Rf2 Nd3 25.
Qg4 Nxf2 26. Kxf2 d5 27. exd5 Re5 28. Nh4 Qxg5 29. Qd4 Rxd5 30. Qe4 Rd2+ 31. Ke1 Rad8 32. f4 Qg1# 0-1

[Event "*** Titled Tuesday Blitz"]
[Site "Chess.com"]
[Date "2020.04.14"]
[Round "7"]
[White "GMAkobianSTL"]
[Black "TudorAnton"]
[Result "1-0"]
[WhiteElo "2780"]
[BlackElo "2588"]
[TimeControl "180+1"]
[EndTime "11:13:11 PDT"]
[Termination "GMAkobianSTL won by resignation"]

1. d4 Nf6 2. c4 e6 3. Nc3 Bb4 4. Qc2 c5 5. dxc5 Na6 6. Nf3 O-O 7. g3 Nxc5 8. Bg2 Nce4 9. O-O Bxc3 10. bxc3 b6 11.
Ng5 d5 12. cxd5 exd5 13. Nxe4 dxe4 14. Bg5 Bb7 15. Rfd1 Qe7 16. Rd4 Rac8 17. Rad1 h6 18. Bxf6 Qxf6 19. e3 Rfe8 20. Qa4 a6 21. c4 Re7 22.
Rd6 Qc3 23. Bf1 Qb2 24. R1d2 Qb1 25. Qa3 Ree8 26. Qb3 Qxb3 27. axb3 Rc6 28. Bh3 Kf8 29.
Rxc6 Bxc6 30. Rd6 Ba8 31. Rxb6 a5 32. Ra6 Rd8 33. Rxa5 Rd1+ 34. Kg2 Bc6 35. b4 Rc1 36. b5 Be8 37. Ra4 g6 38. Rb4 f5 39.
b6 Bc6 40. b7 Bxb7 41. Rxb7 Rxc4 42. g4 1-0

[Event "*** Titled Tuesday Blitz"]
[Site "Chess.com"]
[Date "2020.04.14"]
[Round "7"]
[White "HElissalt"]
[Black "AsaHoffmann"]
[Result "1-0"]
[WhiteElo "2183"]
[BlackElo "2295"]
[TimeControl "180+1"]
[EndTime "11:13:12 PDT"]
[Termination "HElissalt won by resignation"]

1. d4 Nf6 2. c4 c5 3. d5 e5 4. Nc3 d6 5. e4 Be7 6. h3 Nbd7 7. Nf3 Nf8 8. Bd3 Ng6 9. g3 O-O 10. Be3 a6 11. a4 b6 12. Kf1 Rb8 13. Kg2 Ne8 14.
Qc2 Nc7 15. b3 Bd7 16. h4 h6 17. h5 Nh8 18. Nh4 Bg5 19. Qd2 Bxe3 20. Qxe3 Qg5 21. Qxg5 hxg5 22. Nf5 Bxf5 23. exf5 f6 24. h6 Nf7 25. hxg7 Kxg7 26. Ne4 Rh8 27. Be2 b5 28. axb5 axb5 29. Ra7 Rxh1 30. Kxh1 Rc8 31. cxb5 Ne8 32. b6 Rb8 33. Bh5 Rxb6 34. Rxf7+ Kh6 35. g4 Rxb3 36.
Nxf6 Nxf6 37. Rxf6+ Kg7 38. Rg6+ Kf8 39. f6 Rf3 40. Kg2 Rf4 41. Rh6 Kg8 42. f7+ Kg7 43. Rxd6 c4 44. Rd8 Rxf7 45. Bxf7 Kxf7 46. Rc8 Ke7 47. Rxc4 Kd6 48. Kf3 Kxd5 49. Ra4 1-0

[Event "*** Titled Tuesday Blitz"]
[Site "Chess.com"]
[Date "2020.04.14"]
[Round "7"]
[White "Rakesh"]
[Black "chessdjw"]
[Result "0-1"]
[WhiteElo "2403"]
[BlackElo "2623"]
[TimeControl "180+1"]
[EndTime "11:13:15 PDT"]
[Termination "chessdjw won by resignation"]

1. e4 c5 2. c3 Nf6 3. e5 Nd5 4. d4 cxd4 5. Nf3 d6 6. cxd4 Nc6 7. Bc4 dxe5 8. dxe5 Ndb4 9. Qxd8+ Nxd8 10. Na3 a6 11. Be3 b5 12. Be2 Bb7 13. O-O e6 14. Rfd1 Be7 15.
Nd4 O-O 16. Nac2 Nxc2 17. Nxc2 Bd5 18. a4 b4 19. Nd4 Nc6 20. Nxc6 Bxc6 21. Rdc1 Rfc8 22.
Bc5 Bg5 23. Rd1 a5 24. Bb6 Bd5 25. Bd3 Bb3 26. Re1 Bd8 27. Be3 Rab8 28. g3 Bb6 29.
Bb5 Bxe3 30. Rxe3 Bd5 31. Re2 Kf8 32. Rd1 Bf3 33. Red2 Bxd1 34. Rxd1 Rd8 35. Rc1 Rbc8 36. Bc6 Rc7 37. Rc5 Rdc8 38. Rxa5 Rxc6 39. Rb5 Rc4 40. b3 Rd4 41. a5 Rd5 42. Rxb4 Rxa5 43.
Kg2 Rxe5 44. h3 Rd5 45. h4 Rdd8 46. h5 Rb8 47. Rc4 Rxb3 48. Kh3 h6 49. Kh4 Rb7 50. g4 Ke7 51. f4 Rd3 52. Rd4 Rxd4 0-1

[Event "*** Titled Tuesday Blitz"]
[Site "Chess.com"]
[Date "2020.04.14"]
[Round "7"]
[White "MosheFriedland"]
[Black "AshotParvanyan"]
[Result "0-1"]
[WhiteElo "2384"]
[BlackElo "2585"]
[TimeControl "180+1"]
[EndTime "11:13:15 PDT"]
[Termination "AshotParvanyan won by resignation"]

1. e4 e5 2. Nf3 Nc6 3. Bc4 Bc5 4. c3 Nf6 5. d3 O-O 6. b4 Bb6 7. Bg5 h6 8. Bh4 d6 9. O-O Be6 10. Nbd2 Qe7 11. a4 a5 12. b5 Nd8 13. Re1 Bxc4 14. Nxc4 Ne6 15. d4 exd4 16. cxd4 g5 17. Bg3 Nh5 18. Bxd6 cxd6 19. Nxb6 g4 20. Nd5 Qd8 21. Nh4 Qxh4 22. e5 Qg5 23. Re4 Nhf4 24. g3 Nh3+ 25. Kg2 h5 26. Nf6+ Kh8 27. Nxg4 d5 28. f4 Qxg4 29. Qxg4 hxg4 30. Ree1 Nxd4 31. Red1 Nf5 0-1

[Event "*** Titled Tuesday Blitz"]
[Site "Chess.com"]
[Date "2020.04.14"]
[Round "7"]
[White "Shahinyan_ChessMood"]
[Black "hellokostya"]
[Result "1-0"]
[WhiteElo "2668"]
[BlackElo "2504"]
[TimeControl "180+1"]
[EndTime "11:13:17 PDT"]
[Termination "Shahinyan_ChessMood won on time"]

1. e4 Nc6 2. d4 d6 3. Nc3 Nf6 4. Nf3 g6 5. Be2 Bg7 6. h3 O-O 7. Be3 e5 8. Qd2 a6 9. a4 Re8 10. dxe5 Nxe5 11. Nxe5 Rxe5 12. f3 b6 13. O-O Nh5 14.
f4 Re8 15. Bxh5 gxh5 16. Bd4 Bb7 17. Rae1 Qh4 18. Re3 Re7 19. Bxg7 Kxg7 20. Qd4+ Kg8 21. Rff3 Re6 22. Rg3+ Rg6 23. Kh2 c5 24. Qxd6 Rd8 25. Qc7 Re8 26. f5 Rxg3 27. Rxg3+ Kh8 28. Qxf7 1-0

[Event "*** Titled Tuesday Blitz"]
[Site "Chess.com"]
[Date "2020.04.14"]
[Round "7"]
[White "AVolodin"]
[Black "Playgood28"]
[Result "1-0"]
[WhiteElo "2698"]
[BlackElo "2147"]
[TimeControl "180+1"]
[EndTime "11:13:17 PDT"]
[Termination "AVolodin won by resignation"]

1. d4 f5 2. Bg5 h6 3. Bh4 g5 4. e4 Bg7 5. Bg3 f4 6. Bxf4 gxf4 7. Qh5+ Kf8 8. Qf5+ Ke8 9. Be2 Nf6 10. e5 d6 11. Qxf4 dxe5 12. dxe5 Rf8 13. Nc3 Ng4 14. Qe4 Nxe5 15. Bh5+ Nf7 16. Rd1 Bd7 17.
Nf3 Nc6 18. O-O e6 19. Rfe1 Qe7 20. Nd5 exd5 21. Qxd5 Rd8 22. Rxe7+ Nxe7 23. Qxb7 Bc6 24. Rxd8+ Kxd8 25. Qxa7 Nd6 26. c3 Kd7 27. Bg4+ Kd8 28.
Qc5 Bd7 29. Bxd7 Kxd7 30. a4 Nc6 31. b4 Re8 32. a5 Ne5 33. a6 Nxf3+ 34. gxf3 Re1+ 35.
Kg2 Ra1 36. b5 Rc1 37. a7 Ra1 38. Qc6+ 1-0

[Event "*** Titled Tuesday Blitz"]
[Site "Chess.com"]
[Date "2020.04.14"]
[Round "7"]
[White "Dynamikus"]
[Black "eCztery"]
[Result "1-0"]
[WhiteElo "2759"]
[BlackElo "2420"]
[TimeControl "180+1"]
[EndTime "11:13:18 PDT"]
[Termination "Dynamikus won by resignation"]

1. Nf3 c5 2. e4 Nc6 3. d4 cxd4 4. Nxd4 g6 5. c4 Nf6 6. Nc3 Nxd4 7. Qxd4 d6 8. Bg5 Bg7 9. Qd2 O-O 10. f3 a5 11. Rc1 a4 12. Bd3 Qa5 13. O-O Be6 14. Be3 Rfc8 15. Qe2 a3 16. b3 Ng4 17. Bd2 Bd4+ 18.
Kh1 Nxh2 19. Kxh2 Qh5+ 20. Kg3 Ra5 21. f4 Qh6 22. Nd5 Bxd5 23. exd5 Rac5 24. Rh1 Qg7 25. Qxe7 R5c7 26. Qe2 Bb2 27. Rce1 f5 28. Bb4 Bf6 29. Bxd6 g5 30. Qe6+ Kh8 31. Qe8+ Rxe8 32. Rxe8+ Qg8 33. Rxg8+ Kxg8 34. Bxc7 gxf4+ 35. Bxf4 Bb2 1-0

[Event "*** Titled Tuesday Blitz"]
[Site "Chess.com"]
[Date "2020.04.14"]
[Round "7"]
[White "Jumbo"]
[Black "SCIM"]
[Result "1-0"]
[WhiteElo "2848"]
[BlackElo "2593"]
[TimeControl "180+1"]
[EndTime "11:13:18 PDT"]
[Termination "Jumbo won by resignation"]

1. d4 Nf6 2. Bf4 g6 3. Nc3 d5 4. e3 Bg7 5. Nb5 Na6 6. c4 c6 7. Nc3 O-O 8. Nf3 dxc4 9. Bxc4 b5 10. Be2 b4 11. Na4 Nd5 12. Be5 Nb6 13. O-O Nxa4 14.
Qxa4 Qb6 15. Rfc1 Bb7 16. Bxg7 Kxg7 17. Ne5 Rfc8 18. Nc4 Qc7 19. Na5 Nb8 20. Qxb4 Ba6 21. Bf3 Qb6 22. Qxb6 axb6 23. Nxc6 Nxc6 24. Bxc6 Ra7 25.
Rc3 Rac7 26. Rac1 Kf6 27. f4 Rd8 28. Kf2 Ra7 29. a3 Bc8 30. Bf3 Be6 31. g4 g5 32.
Kg3 h6 33. h4 gxh4+ 34. Kxh4 Rg8 35. e4 Kg7 36. d5 Bd7 37. e5 Ra4 38. Rc4 Ra5 39. Rc7 Rd8 40. Kg3 Ra4 41. R1c4 Ra5 42. Rb7 Rb5 43. b4 1-0

[Event "*** Titled Tuesday Blitz"]
[Site "Chess.com"]
[Date "2020.04.14"]
[Round "7"]
[White "grandcoach"]
[Black "checkmatequen"]
[Result "0-1"]
[WhiteElo "1842"]
[BlackElo "2207"]
[TimeControl "180+1"]
[EndTime "11:13:18 PDT"]
[Termination "checkmatequen won by checkmate"]

1. e4 c5 2. b4 cxb4 3. a3 e6 4. axb4 Bxb4 5. c3 Be7 6. d4 d6 7.
Bd3 Nf6 8. Ne2 Nc6 9. O-O O-O 10. f4 Ne8 11. Nd2 e5 12. d5 Nb8 13. Nf3 Nd7 14. Kh1 Bf6 15. f5 a6 16. g4 h6 17. Ng3 Bg5 18.
Nxg5 hxg5 19. f6 Ndxf6 20. Bxg5 Bxg4 21. Qd2 Qd7 22. Bxf6 Nxf6 23. Rxf6 gxf6 24. Rg1 Bf3+ 25. Rg2 Qh3 26. Bf1 Kh7 27. Nf5 Bxg2+ 28. Bxg2 Qh5 29. Ng3 Qg5 30. Qe2 Rg8 31. Bh3 Rg7 32. Bf5+ Kg8 33. Kg2 Kf8 34. Qd1 Ke7 35. Qb3 Qd2+ 36. Kf3 b5 37.
Qb4 Qxh2 38. Qa5 Rxg3# 0-1